Map: Hidden Caves

Players

NHT

  • Race: Zerg Zerg

TheMugicion

  • Race: Terran Terran

DirkMcGirk

  • Race: Zerg Zerg

CeffRB

  • Race: Protoss Protoss

CraziDawg

  • Race: Protoss Protoss
  • League: Diamond

xIRGhost

  • Race: Zerg Zerg

Beggar

  • Race: Zerg Zerg

juhyg

  • Race: Zerg Zerg

VOD

Have the link to the VOD?

Description

Time

  • Played on: Nov. 25, 2015, 4:02 p.m.
  • Length: 6:03
Show
View Real Time Build Order
Export as new Build Order

NHT Zerg 

Build Orders: Hatch First 

Get SALT Encoding   

  12  0:02  Drone  
  13  0:10  Drone  
  14  0:18  Overlord  
  14  0:25  Extractor  
  14  0:26  Drone  
  14  0:28  Extractor  
  14  0:29  Drone  
  16  0:55  Hatchery  
  16  0:56  Drone  
  16  0:57  Drone  
  17  1:13  Spawning Pool  
  17  1:16  Drone  
  17  1:19  Drone  
  17  1:23  Drone  
  19  1:34  Drone  
  19  1:38  Extractor  
  19  1:42  Overlord  
  19  1:53  Drone  
  20  2:02  Roach Warren  
  20  2:04  Queen  
  20  2:06  Extractor  
  20  2:07  Drone  
  21  2:10  Drone  
  22  2:18  Drone  
  23  2:23  Spine Crawler  
  23  2:25  Spine Crawler  
  21  2:32  Drone x2  
  23  2:37  Drone  
  24  2:48  Drone  
  25  2:52  Overlord  
  25  2:56  Drone  
  26  3:03  Drone x2  
  28  3:05  Queen  
  30  3:13  Overlord  
  30  3:22  Roach  
  30  3:24  Roach  
  30  3:25  Roach  
  38  3:27  Roach  
  38  3:30  Roach  
  40  3:35  Roach  
  40  3:39  Roach  
  44  3:47  Roach  
  44  3:48  Roach  
  48  4:00  Lair  
  48  4:07  Roach x2  
  52  4:11  Overlord x2  
  52  4:18  Overlord  
  52  4:41  Roach x2  
  52  4:44  Hatchery  
  55  4:49  Drone x4  
  57  5:05  Roach x3  
  57  5:06  Roach  
  65  5:21  Roach x4  
Show
View Real Time Build Order
Export as new Build Order

TheMugicion Terran 

Build Orders:  

Get SALT Encoding   

  12  0:01  SCV  
  13  0:15  SCV  
  14  0:28  Supply Depot  
  14  0:30  SCV  
  15  0:49  SCV  
  16  0:52  Barracks  
  16  1:01  SCV  
  17  1:13  SCV  
  18  1:22  Refinery  
  18  1:26  SCV  
  18  1:32  Barracks  
  19  1:39  Orbital Command  
  19  1:53  Command Center  
  19  2:07  Marine  
  20  2:08  SCV  
  20  2:20  Barracks Tech Lab  
  20  2:21  Refinery  
  20  2:29  SCV  
  21  2:34  Marine  
  22  2:39  Marine  
  23  2:46  Supply Depot  
  23  2:55  Factory  
  23  3:04  Marine, SCV  
  23  3:05  Orbital Command  
  25  3:12  Marine  
  26  3:14  Barracks  
  26  3:17  Supply Depot  
  26  3:19  SCV  
  27  3:21  Combat Shields  
  27  3:24  Marine  
  28  3:31  SCV  
  29  3:35  SCV  
  29  3:40  Marine  
  28  3:45  Marine  
  28  3:46  SCV  
  30  3:55  Hellion  
  32  4:06  Marine x2  
  32  4:07  SCV x2  
  36  4:15  Engineering Bay  
  36  4:19  Hellion  
  38  4:25  Marine  
  38  4:26  Marine  
  38  4:27  SCV x2  
  42  4:40  Supply Depot, SCV x2  
  42  4:43  Factory Tech Lab  
  44  5:04  Marine x3  
  44  5:06  Siege Tank  
  49  5:29  Marine x2  
  49  5:30  Marauder  
  49  5:32  SCV x2  
  49  5:34  Refinery  
Show
View Real Time Build Order
Export as new Build Order

DirkMcGirk Zerg 

Build Orders: Hatch First 

Get SALT Encoding   

  12  0:06  Drone  
  13  0:14  Drone  
  14  0:24  Overlord  
  14  0:44  Hatchery  
  13  1:01  Spawning Pool  
  13  1:03  Drone  
  13  1:15  Drone  
  13  1:16  Drone  
  15  1:21  Extractor  
  15  1:23  Drone  
  15  1:28  Drone  
  16  1:37  Extractor  
  16  1:38  Drone  
  16  1:47  Queen  
  16  1:52  Drone  
  19  2:03  Drone, Roach Warren  
  19  2:08  Drone  
  20  2:12  Drone  
  21  2:16  Drone  
  22  2:23  Zergling x2  
  22  2:24  Zergling x2  
  22  2:29  Zergling x2  
  25  2:38  Lair  
  25  2:43  Roach  
  27  2:56  Drone, Spine Crawler  
  27  2:59  Drone  
  28  3:06  Overlord  
  28  3:23  Overlord  
  28  3:32  Spore Crawler  
  24  3:45  Roach x4  
  30  3:48  Roach  
  32  4:05  Drone x3  
  35  4:15  Roach x2  
  39  4:21  Glial Reconstitution  
  39  4:29  Drone x2  
  41  4:37  Roach  
  41  4:38  Overlord  
  43  4:48  Drone  
  43  4:49  Overlord  
  43  4:50  Overlord  
  42  5:06  Roach  
  42  5:07  Roach x3  
  48  5:08  Roach  
  52  5:16  Ravager x2  
  50  5:26  Roach  
  49  5:33  Ravager  
  50  5:38  Ravager  
  51  5:44  Extractor  
  51  5:49  Extractor  
Show
View Real Time Build Order
Export as new Build Order

CeffRB Protoss 

Build Orders: 1 Gate Expand, Blink Stalkers 

Get SALT Encoding   

  12  0:01  Probe (Chrono Boost)  
  13  0:11  Probe (Chrono Boost)  
  14  0:19  Pylon  
  14  0:22  Probe (Chrono Boost)  
  15  0:37  Probe (Chrono Boost)  
  16  0:47  Gateway  
  16  0:48  Probe (Chrono Boost)  
  17  0:50  Assimilator  
  17  0:58  Probe (Chrono Boost)  
  18  1:09  Probe (Chrono Boost)  
  18  1:10  Pylon  
  19  1:19  Probe (Chrono Boost)  
  20  1:30  Probe (Chrono Boost)  
  21  1:40  Probe (Chrono Boost), Nexus  
  22  1:50  Cybernetics Core  
  22  1:54  Assimilator  
  22  1:56  Probe (Chrono Boost)  
  23  2:07  Probe (Chrono Boost)  
  24  2:16  Pylon  
  24  2:17  Probe (Chrono Boost)  
  25  2:27  Warp Gate  
  25  2:31  Forge, Probe (Chrono Boost)  
  26  2:42  Probe (Chrono Boost)  
  27  2:53  Probe x2 (Chrono Boost)  
  29  2:59  Protoss Ground Weapons Level 1 (Chrono Boost)  
  29  3:03  Twilight Council, Probe x2 (Chrono Boost)  
  31  3:13  Assimilator  
  31  3:15  Probe  
  31  3:16  Probe  
  31  3:17  Gateway  
  33  3:26  Probe  
  33  3:29  Probe  
  35  3:35  Pylon  
  35  3:37  Probe  
  35  3:38  Blink (Chrono Boost)  
  35  3:41  Probe  
  37  3:48  Gateway  
  37  3:52  Stalker  
  39  4:01  Probe x2  
  41  4:06  Assimilator  
  41  4:13  Probe x2  
  41  4:14  Gateway  
  41  4:16  Pylon, Gateway  
  43  4:22  Gateway  
  43  4:27  Probe x2  
  45  4:36  Stalker x2  
  49  4:49  Stalker  
  51  5:01  Stalker x2  
  51  5:05  Pylon  
  55  5:28  Stalker x3  
  61  5:40  Stalker x3  
Show
View Real Time Build Order
Export as new Build Order

CraziDawg Protoss 

Build Orders:  

Get SALT Encoding   

  12  0:02  Probe (Chrono Boost)  
  13  0:14  Probe (Chrono Boost)  
  14  0:27  Pylon, Probe (Chrono Boost)  
  15  0:45  Probe (Chrono Boost)  
  15  0:46  Gateway  
  15  0:48  Assimilator  
  16  0:56  Probe (Chrono Boost)  
  17  1:06  Probe (Chrono Boost)  
  18  1:17  Probe (Chrono Boost)  
  19  1:33  Cybernetics Core  
  19  1:35  Zealot  
  19  1:36  Probe (Chrono Boost)  
  22  1:44  Assimilator  
  22  1:47  Probe (Chrono Boost)  
  23  2:05  Nexus  
  23  2:10  Warp Gate  
  23  2:18  Pylon  
  23  2:29  Pylon  
  23  2:36  Mothership Core (Chrono Boost)  
  25  2:37  Stalker  
  27  2:54  Probe (Chrono Boost)  
  28  3:00  Robotics Facility  
  28  3:05  Probe (Chrono Boost)  
  29  3:16  Pylon  
  29  3:18  Probe (Chrono Boost)  
  30  3:20  Probe (Chrono Boost)  
  31  3:28  Probe (Chrono Boost)  
  31  3:31  Probe (Chrono Boost)  
  34  3:41  Probe (Chrono Boost)  
  34  3:43  Probe (Chrono Boost)  
  34  3:48  Immortal  
  39  3:57  Stargate  
  39  4:04  Pylon  
  39  4:06  Probe (Chrono Boost)  
  40  4:10  Probe (Chrono Boost)  
  41  4:20  Forge  
  41  4:21  Probe (Chrono Boost)  
  42  4:27  Observer  
  42  4:29  Gateway  
  43  4:33  Gateway  
  43  4:37  Probe (Chrono Boost)  
  44  4:39  Probe (Chrono Boost)  
  45  4:48  Probe (Chrono Boost)  
  45  4:49  Stalker  
  48  5:07  Immortal  
  48  5:08  Void Ray  
  38  5:29  Stalker  
  40  5:36  Stalker  
  40  5:37  Stalker  
  44  5:50  Pylon  
Show
View Real Time Build Order
Export as new Build Order

xIRGhost Zerg 

Build Orders:  

Get SALT Encoding   

Show
View Real Time Build Order
Export as new Build Order

Beggar Zerg 

Build Orders: Pool First 

Get SALT Encoding   

  12  0:07  Drone  
  13  0:21  Drone  
  14  0:30  Overlord  
  14  0:39  Spawning Pool  
  13  0:42  Extractor  
  13  0:43  Drone  
  13  1:04  Drone x3  
  16  1:17  Drone  
  17  1:23  Extractor  
  16  1:27  Queen  
  16  1:29  Zergling x2  
  19  1:42  Zergling x2  
  19  1:46  Metabolic Boost  
  21  2:08  Zergling x4  
  22  2:26  Overlord  
  22  2:31  Hatchery  
  21  2:38  Zergling x2  
  22  2:45  Zergling x4  
  22  2:46  Zergling x2  
  25  3:10  Zergling x4  
  25  3:11  Zergling x4  
  29  3:25  Lair  
  19  4:08  Drone x6  
  24  4:12  Drone x2  
  25  4:36  Extractor  
  24  4:40  Extractor  
  23  4:45  Spire  
  23  4:46  Zergling x4  
  23  4:47  Zergling x2  
Show
View Real Time Build Order
Export as new Build Order

juhyg Zerg 

Build Orders: Pool First 

Get SALT Encoding   

  12  0:11  Drone x2  
  14  0:16  Overlord  
  14  0:35  Spawning Pool  
  13  0:39  Drone  
  14  0:43  Drone  
  14  0:49  Drone  
  16  1:00  Drone  
  17  1:04  Extractor  
  16  1:13  Drone  
  17  1:28  Drone x2  
  17  1:31  Queen  
  21  1:38  Drone  
  22  1:54  Overlord  
  22  2:22  Hatchery  
  21  2:27  Hatchery  
  20  2:47  Overlord x3  
  20  2:59  Drone x3  
  20  3:04  Lair  
  23  3:15  Drone  
  24  3:21  Metabolic Boost  
  24  3:30  Drone x4  
  28  3:44  Queen  
  28  3:47  Drone x4  
  34  3:55  Drone x2  
  36  3:56  Drone x2  
  36  3:57  Drone x2  
  40  4:03  Drone  
  40  4:05  Drone  
  40  4:07  Drone  
  43  4:11  Extractor  
  43  4:15  Extractor  
  41  4:42  Drone x2  
  41  4:43  Drone  
  44  4:54  Zergling x6  
  44  4:55  Zergling x10  
  44  4:56  Hatchery  
  50  5:27  Zergling x8  
  50  5:28  Zergling x10  
  57  5:37  Zergling x2  
Tags
 
Add a new tag
Caveats
  • Supply blocks, unpowered buildings, or Contaminate may cause inaccurate times.
  • Supply counts are checked every 10 seconds.